Cogmind - Beta 13 @@@ ROGUE MODE // 2024.03.31 @ 15:24:23 Player: twinGeminis Result: Core destroyed Performance ------------- Evolutions (2) 1000 Regions Visited (4) 800 Robots Destroyed (40) 200 Value Destroyed (978) 978 Prototype IDs (3) 60 Alien Tech Used (0) 0 Bonus (200) 200 TOTAL SCORE: 3238 Bonus ------- Entered Garrisons 200 Cogmind --------- Core Integrity 0/550 Matter 205/300 Energy 87/100 System Corruption 0% Temperature Critical (601) Movement Treading (160) Location -8/Garrison Parts ------- > --- POWER (2) -------- (None) > --- PROPULSION (3) --- Light Treads > --- UTILITY (4) ------ Medium Storage Unit Advanced Targeting Computer ECM Suite > --- WEAPON (2) ------- Assault Cannon > --- INVENTORY (10) --- Cryofiber Web Trap Scanner Improved Sensor Array Improved Signal Interpreter Hacking Suite Heavy Assault Rifle Mini Grenade Launcher Peak State ------------ > --- POWER ------------ Light Deuterium Engine Light Nuclear Core > --- PROPULSION ------- Improved Treads Improved Treads Armored Treads > --- UTILITY ---------- Improved Heat Sink Medium Storage Unit Advanced Targeting Computer ECM Suite > --- WEAPON ----------- Advanced Beam Cannon Advanced Beam Cannon > --- INVENTORY -------- Cryofiber Web Trap Scanner Improved Sensor Array Improved Signal Interpreter ECM Suite Improved Propulsion Shielding Hacking Suite Heavy Assault Rifle Assault Cannon Mini Grenade Launcher [Rating: 29] Favorites ----------- Power Ion Engine Engine Ion Engine Power Core Light Nuclear Core Propulsion Improved Treads Treads Improved Treads Utility ECM Suite Device ECM Suite Storage Medium Storage Unit Processor Advanced Targeting Computer Protection Improved Propulsion Shielding Weapon Advanced Beam Cannon Energy Gun Small Laser Energy Cannon Advanced Beam Cannon Ballistic Gun Light Assault Rifle Ballistic Cannon Assault Cannon Build | -11 -10 -9 -8 -8 ------- Run | Yrd Mat Mat Mat Gar Slots Evolved 4 | . . 2 2 . Power 1 | . . 1 . . Propulsion 1 | . . . 1 . Utility 2 | . . 1 1 . Weapon . | . . . . . Parts Attached 43 | 7 7 14 6 9 Power 11 | 1 3 3 1 3 Engine 7 | 1 1 3 1 1 Core 4 | . 2 . . 2 Reactor . | . . . . . Propulsion 10 | 2 . 4 1 3 Treads 10 | 2 . 4 1 3 Leg . | . . . . . Wheel . | . . . . . Hover . | . . . . . Flight . | . . . . . Utility 11 | 1 2 4 2 2 Device 6 | . 1 3 1 1 Storage 2 | 1 1 . . . Processor 1 | . . . 1 . Hackware . | . . . . . Protection 2 | . . 1 . 1 Artifact . | . . . . . Weapon 11 | 3 2 3 2 1 Energy Gun 4 | 1 2 1 . . Energy Cannon 2 | . . . 2 . Ballistic Gun 4 | 2 . 2 . . Ballistic Cannon 1 | . . . . 1 Launcher . | . . . . . Special Weapon . | . . . . . Impact Weapon . | . . . . . Slashing Weapon . | . . . . . Piercing Weapon . | . . . . . Special Melee Weapon . | . . . . . Unidentified Prototypes . | . . . . . Parts Lost 19 | . 1 6 . 12 Power 7 | . 1 2 . 4 Propulsion 5 | . . 2 . 3 Utility 4 | . . 1 . 3 Weapon 3 | . . 1 . 2 Highest Loss Streak 8 | . 1 4 . 8 To Critical Strikes 1 | . . 1 . . Average Slot Usage (%) 95 | . 99 97 91 93 Engine 13 | . 6 17 18 9 Core 3 | . 7 3 . 4 Treads 23 | . 28 21 19 25 Device 18 | . 13 21 20 17 Storage 10 | . 14 11 9 9 Processor 3 | . . . 6 9 Energy Gun 7 | . 26 9 . . Energy Cannon 8 | . . . 17 17 Ballistic Gun 4 | . 1 12 . . Naked Turns . | . . . . . Heaviest Build 33 | 12 21 27 33 33 Greatest Support 66 | 40 40 46 66 66 Greatest Overweight (x) 1 | . 1 1 . 1 Average Overweight (x) . | . . . . . Largest Inventory Capacity 10 | 8 10 10 10 10 Average Capacity 9 | 7 9 10 10 10 Most Carried 10 | 4 8 10 10 10 Average Carried 6 | 2 6 7 9 9 Final Capacity 10 | 8 10 10 10 10 Final Carried 10 | 3 8 6 10 7 Class Distribution -------------------- 100% | Mutant Dominant Class ---------------- Mutant | -10/Materials Mutant | -9/Materials Mutant | -8/Materials Mutant | -8/Garrison Resources | -11 -10 -9 -8 -8 ----------- Run | Yrd Mat Mat Mat Gar Matter Collected 732 | 287 70 149 60 166 Remotely . | . . . . . Salvage Created 1340 | 65 317 383 77 498 Parts 83 | 6 19 27 7 24 Haulers Intercepted . | . . . . . Recyclers Shooed 1 | 1 . . . . Parts Field Recycled . | . . . . . Retrieved Matter . | . . . . . Parts Self-Destructed . | . . . . . Prevented . | . . . . . Kills | -11 -10 -9 -8 -8 ------- Run | Yrd Mat Mat Mat Gar Combat Hostiles Destroyed 33 | . 5 13 3 12 Guns 18 | . 5 13 . . Cannons 14 | . . . 3 11 Classes Destroyed 8 | 2 3 2 . 1 Worker 3 | 2 1 . . . Tunneler 1 | 1 . . . . Recycler 1 | . 1 . . . Watcher 2 | . 1 . 1 . Swarmer 14 | . . 7 3 4 Grunt 14 | . 5 5 . 4 Duelist 1 | . . . . 1 Sentry 4 | . . 1 . 3 Best Kill Streak 5 | 1 5 5 3 2 Combat Bots Only 5 | . 2 5 3 2 Max Kills in Single Turn 1 | 1 1 1 1 1 Gunslinging . | . . . . . Exploded . | . . . . . Melee . | . . . . . Uniques/NPCs Destroyed . | . . . . . Combat | -11 -10 -9 -8 -8 -------- Run | Yrd Mat Mat Mat Gar Hostile Shots Fired 299 | . 34 110 20 135 Missed 67 | . 6 23 4 34 Damage Taken 3283 | . 383 800 129 1971 Core 808 | . 130 108 9 561 Absorbed by Shields . | . . . . . Redirected to Shielding 100 | . . . . 100 Core Remaining (%) 73 | 100 48 73 . . Volleys Fired 124 | 17 22 33 11 41 Largest 2 | 2 2 2 2 2 Hottest 136 | 60 105 80 136 136 Shots Fired 234 | 34 44 60 22 74 Gun 138 | 34 44 60 . . Cannon 96 | . . . 22 74 Launcher . | . . . . . Special . | . . . . . Kinetic 49 | 17 . 23 . 9 Thermal 185 | 17 44 37 22 65 Explosive . | . . . . . Electromagnetic . | . . . . . Robot Hit Streak 9 | 6 9 9 3 7 Robot Miss Streak 5 | 1 4 5 4 3 Penetration Max . | . . . . . Secondary Targets 3 | . . 3 . . Max Gunslinging Chain 1 | . . 1 . . Shots Hit Robots 141 | 22 27 36 10 46 Core Hits 64 | 4 17 21 5 17 Critical Kills . | . . . . . Critical Parts Destroyed . | . . . . . Critical Strikes . | . . . . . Melee Attacks . | . . . . . Impact . | . . . . . Slashing . | . . . . . Piercing . | . . . . . Sneak Attacks . | . . . . . Combat Hostiles . | . . . . . Follow-up Attacks . | . . . . . Damage Inflicted 2199 | 200 383 412 245 959 Guns 995 | 200 383 412 . . Cannons 1204 | . . . 245 959 Explosions . | . . . . . Melee . | . . . . . Ramming . | . . . . . Kinetic 379 | 112 . 170 . 97 Thermal 1820 | 88 383 242 245 862 Explosive . | . . . . . Electromagnetic . | . . . . . Impact . | . . . . . Slashing . | . . . . . Piercing . | . . . . . Highest Corruption . | . . . . . Average Corruption . | . . . . . Corruption Purged . | . . . . . Corruption Blocked . | . . . . . Overload Shots . | . . . . . Overflow Damage 13 | . . . 2 11 Projectiles 13 | . . . 2 11 Explosions . | . . . . . Melee . | . . . . . Knockbacks 2 | . . . . 2 Impact . | . . . . . Kinetic 2 | . . . . 2 Secondary . | . . . . . Self-Inflicted Damage . | . . . . . Shots . | . . . . . Rammed . | . . . . . Targets Rammed . | . . . . . Kicked . | . . . . . Crushed . | . . . . . Highest Temperature 707 | 40 559 74 252 707 Average Temperature 205 | 18 241 21 88 299 Received Heat Transfer 1155 | . 195 168 . 792 Effects 54 | . 9 . 1 44 Shutdowns 10 | . 3 . . 7 Energy Bleed 4 | . 1 . 1 2 Interference 7 | . . . . 7 Matter Decay 4 | . . . . 4 Short Circuit 4 | . 1 . . 3 Damage (minor) 8 | . 3 . . 5 Damage (major) 12 | . . . . 12 Damage (core) 5 | . 1 . . 4 Siege Activations . | . . . . . Robots Corrupted . | . . . . . Combat Hostiles . | . . . . . Parts Fried . | . . . . . Impact Corruptions . | . . . . . Robots Melted 1 | . . . . 1 Combat Hostiles 1 | . . . . 1 Parts Melted 6 | . 1 . . 5 Heat Transferred 3614 | 200 906 550 444 1514 Parts Sabotaged . | . . . . . Parts Stolen . | . . . . . Parts Stripped . | . . . . . Power Chain Reactions . | . . . . . Alert | -11 -10 -9 -8 -8 ------- Run | Yrd Mat Mat Mat Gar Peak Influence 318 | 10 174 318 176 239 Initial 73 | . 3 73 49 . Average 95 | 3 76 151 98 153 Maximum Alert Level 1 | . . 1 . 1 Low Security (%) 84 | 100 100 69 100 56 Level 1 15 | . . 30 . 43 Level 2 . | . . . . . Level 3 . | . . . . . Level 4 . | . . . . . Level 5 . | . . . . . High Security . | . . . . . Max Security . | . . . . . Squads Dispatched 1 | . 1 . . . Investigation . | . . . . . Extermination . | . . . . . Reinforcement 1 | . 1 . . . Assault . | . . . . . Garrison . | . . . . . Intercept . | . . . . . Searches Triggered . | . . . . . Construction Impeded . | . . . . . Haulers Reinforced . | . . . . . Active Scanning Responses . | . . . . . Cargo Convoy Interrupts . | . . . . . Stealth | -11 -10 -9 -8 -8 --------- Run | Yrd Mat Mat Mat Gar Distress Signals 3 | . . 3 . . Communications Jammed . | . . . . . Distress Signals . | . . . . . Times Spotted 57 | . 11 20 7 19 Peak Tracking Total 8 | . 3 8 3 4 Tactical Retreats 6 | . 2 2 . 2 Traps | -11 -10 -9 -8 -8 ------- Run | Yrd Mat Mat Mat Gar Traps Triggered . | . . . . . Indirectly . | . . . . . Trap Hack Attempts . | . . . . . Triggered . | . . . . . Disarmed . | . . . . . Reprogrammed . | . . . . . Reused . | . . . . . Traps Extracted . | . . . . . Installed . | . . . . . Triggered . | . . . . . Machines | -11 -10 -9 -8 -8 ---------- Run | Yrd Mat Mat Mat Gar Machines Disabled . | . . . . . Max in Single Turn . | . . . . . Machines Repaired . | . . . . . Machines Dismantled . | . . . . . Machines Sabotaged . | . . . . . Overloaded Fab Kills . | . . . . . Hacking | -11 -10 -9 -8 -8 --------- Run | Yrd Mat Mat Mat Gar Machines Accessed 9 | . 1 2 4 2 Terminals 6 | . 1 1 2 2 Fabricators . | . . . . . Repair Stations . | . . . . . Recycling Units 2 | . . 1 1 . Scanalyzers . | . . . . . Garrison Access 1 | . . . 1 . Total Hacks 22 | . 2 4 13 3 Successful 14 | . 1 4 7 2 Failed 8 | . 1 . 6 1 Catastrophic . | . . . . . Database Lockouts . | . . . . . Manual . | . . . . . Terminals 16 | . 2 1 10 3 Fabricators . | . . . . . Repair Stations . | . . . . . Recycling Units 4 | . . 3 1 . Scanalyzers . | . . . . . Garrison Access 2 | . . . 2 . Terminal Hacks 9 | . 1 1 5 2 Prototype ID Bank 2 | . . 1 1 . Emergency Access Points 1 | . . . . 1 Unreport Threat 1 | . . . 1 . Locate Traps 1 | . 1 . . . Maintenance Status 1 | . . . 1 . Transport Status 1 | . . . 1 . Hauler Manifests 1 | . . . 1 . Patrol Navigation 1 | . . . . 1 Fabricator Hacks . | . . . . . Repair Station Hacks . | . . . . . Recycling Unit Hacks 4 | . . 3 1 . Report Inventory 2 | . . 1 1 . Retrieve Components 2 | . . 2 . . Scanalyzer . | . . . . . Garrison Access Hacks 1 | . . . 1 . Unlock Access 1 | . . . 1 . Unauthorized Hacks . | . . . . . Terminals . | . . . . . Fabricators . | . . . . . Repair Stations . | . . . . . Recycling Units . | . . . . . Scanalyzers . | . . . . . Garrison Access . | . . . . . Data Cores Recovered . | . . . . . Used . | . . . . . Hacking Detections 6 | . . 1 4 1 Full Trace Events . | . . . . . Feedback Events . | . . . . . Feedback Blocked . | . . . . . Robot Schematics Acquired . | . . . . . Robots Built . | . . . . . Authchips . | . . . . . Time . | . . . . . Total Robot Build Rating . | . . . . . Part Schematics Acquired . | . . . . . Parts Built . | . . . . . Authchips . | . . . . . Time . | . . . . . Total Part Build Rating . | . . . . . Parts Repaired . | . . . . . Time . | . . . . . Parts Recycled . | . . . . . Recycled Matter . | . . . . . Retrieved Matter . | . . . . . Retrieved Components 2 | . . 2 . . Parts Scanalyzed . | . . . . . Part Schematics Acquired . | . . . . . Parts Damaged . | . . . . . Bothacking | -11 -10 -9 -8 -8 ------------ Run | Yrd Mat Mat Mat Gar Used RIF Installer . | . . . . . Robots Hacked . | . . . . . Non-combat . | . . . . . Combat . | . . . . . Robot Hacks Applied . | . . . . . Relay Couplers Released . | . . . . . Fabnet Peak Effective % . | . . . . . Robots Rewired . | . . . . . Allies Hacked . | . . . . . Hacks Repelled . | . . . . . Allies | -11 -10 -9 -8 -8 -------- Run | Yrd Mat Mat Mat Gar Total Allies . | . . . . . Largest Group . | . . . . . Highest-Rated Group . | . . . . . Highest-Rated Ally . | . . . . . Total Orders . | . . . . . Ally Attacks . | . . . . . Total Damage . | . . . . . Kills . | . . . . . Allies Corrupted . | . . . . . Allies Melted . | . . . . . Intel | -11 -10 -9 -8 -8 ------- Run | Yrd Mat Mat Mat Gar Robot Analysis Total . | . . . . . Derelict Logs Recovered . | . . . . . Drone Launches . | . . . . . Drone Recoveries . | . . . . . Exploration | -11 -10 -9 -8 -8 ------------- Run | Yrd Mat Mat Mat Gar Turns Passed 2412 | 583 336 570 469 454 Spaces Moved 1204 | 334 139 276 259 196 Core 13 | 13 . . . . Treads 1191 | 321 139 276 259 196 Legs . | . . . . . Wheels . | . . . . . Hover . | . . . . . Flight . | . . . . . Fastest Speed 50 | 50 160 160 160 160 Average Speed 163 | 155 181 164 160 165 Slowest Speed 240 | 160 240 240 163 240 Overloaded Moves . | . . . . . Propulsion Burnouts . | . . . . . Robots Hopped . | . . . . . Cave-ins Triggered . | . . . . . Exploration Rate (%) 27 | 21 22 32 23 37 Regions Visited 4 Branch Regions . Pre-discovered Areas . | . . . . . Known Exits Taken 1 | . . . 1 . Unknown Exits Taken 3 | 1 1 1 . . Scrap Searched . | . . . . . Spaces Dug . | . . . . . Terrain Destroyed . | . . . . . Melee . | . . . . . Projectile . | . . . . . AOE . | . . . . . Terrain Rammed . | . . . . . Walls Destroyed . | . . . . . Machines Disabled . | . . . . . Actions | -11 -10 -9 -8 -8 --------- Run | Yrd Mat Mat Mat Gar Total 1420 | 366 178 334 290 252 Wait 1 | . . . . 1 Move 1200 | 333 138 275 258 196 Hop . | . . . . . Pick Up 39 | 9 9 9 10 2 Fast Attach 3 | . . . 1 2 Attach 22 | 6 2 8 1 5 Detach . | . . . . . Swap 18 | 1 5 6 4 2 Drop 13 | . 2 3 5 3 Fire 124 | 17 22 33 11 41 Melee . | . . . . . Ram . | . . . . . Kick . | . . . . . Crush . | . . . . . Escape Stasis . | . . . . . Rewire . | . . . . . Trap . | . . . . . Miscellaneous . | . . . . . Route ------- -11/Scrapyard -10/Materials -9/Materials -8/Materials (discovered 2 exits: [*Sto] / Gar) -8/Garrison History --------- Turn | Location | Event 8 | -11/Scrapyard | Discovered new exit (range 16) 584 | -11/Scrapyard | Entered Materials 585 | -10/Materials | Build established: Mutant 822 | -10/Materials | Core integrity fell below 50% 872 | -10/Materials | Discovered new exit (range 15) 920 | -10/Materials | Entered another Materials area 920 | -9/Materials | Evolved 2 slots: Power x1, Utility x1 1248 | -9/Materials | Lost 4 parts (1p2n1u) 1426 | -9/Materials | Discovered new exit (range 5) 1490 | -9/Materials | Entered another Materials area 1490 | -8/Materials | Evolved 2 slots: Propulsion x1, Utility x1 1501 | -8/Materials | Discovered new exit (range 11) 1766 | -8/Materials | Identified exit to Garrison 1959 | -8/Materials | Entered Garrison 2042 | -8/Garrison | Triggered checkpoint 2174 | -8/Garrison | Triggered checkpoint 2174 | -8/Garrison | Triggered checkpoint 2179 | -8/Garrison | Triggered checkpoint 2217 | -8/Garrison | Core integrity fell below 50% 2229 | -8/Garrison | Triggered checkpoint 2257 | -8/Garrison | Lost 4 parts (2p1n1u) 2340 | -8/Garrison | Triggered checkpoint 2412 | -8/Garrison | Core integrity fell below 20% 2414 | -8/Garrison | Core destroyed Last Messages --------------- 02402_ Power failure, Lgt. Nuclear Core shutdown. 02402_ Power failure, Imp. Ion Engine shutdown. 02402_ Overheating: Matter decay (-45). 02403_ Lgt. Treads broken. 02403_ Overheating: Short circuit. 02403_ Imp. Propulsion Shielding destroyed. 02405_ Overheating: Adv. Targeting Computer damaged (-1). 02405_ Overheating: Broken Lgt. Treads damaged (-2). 02405_ Overheating: ECM Suite damaged (-1). 02405_ Overheating: Lgt. Nuclear Core damaged (-6). 02405_ Lgt. Nuclear Core destroyed. 02407_ Broken Lgt. Treads destroyed. 02408_ Overheating: Energy bleed (-9). 02410_ Power failure, Imp. Ion Engine shutdown. 02410_ Overheating: System interference. 02410_ Adv. Targeting Computer temporarily disabled. 02411_ Imp. Ion Engine destroyed. 02412_ Overheating: Core damaged (-66). 02414_ Overheating: Core damaged (-88). Map ----- +----------------------------------------------------+ | ?????????????????????????????????????????????????? | | ?????????????????????????????????????????????????? | | ?????????????????????????????????????????????????? | | ?????????? ????????????????????????????????????? | | ?????????? #???????????????????????????????????? | | ?????????? #???????????????????????????????????? | | ?????????# #????????????????????????????????+??? | | ?????????# #??????????????????????????+????????? | | ?????????# #???????????????????????????????????? | | ?????????# #???????????????????????????????????? | | ?????????# #???????????????????????????????????? | | ?????????# #???????????????????????????????????? | | ?????????# #????????????????????????????+??????? | | ?????????# #??????????????????+?+??????????????? | | ???????### #???????????????????????????????????? | | ???????? +?????????????????/???/?????????????? | | ????????? +??????????????????+?+??????????????? | | ?????????# #???????????????????????????????????? | | ?????????# #???????????????????+???????????????? | | ??????+??# #????????????????????????????+??????? | | ?????????# #???????????????????????????????????? | | ?????????# #???????#???######??????????????????? | | ?????????# #???????# ??# #??????????????????? | | ?????????# ####+####;+## ###+####???????????? | | ?????????+ g% = #T###### #???? | | ?????????# % l%=@ #???? | | ?????????# g / #???? | | ?????????############g ## ## ###########???? | | ??????????????????### ## ## ###???????????? | | ??????????????????# #???????????? | | ??????????????????#!%[ #???????????? | | ??????????????????#[% ![ #???????????? | | ??????????????????# ! #???????????? | | ??????????????????### ##%= ## ###???????????? | | ??????????########### ## = ##^^^#?????????????? | | ??????????# ???????????? | | ??????????# ???????? | | ??????????# ###+#### ###+##????????? | | ??????????# #??????## ## ###+##?????????????? | | ??????????# #???????# ## #??????????????+???? | | ########### #???????# #######??????????????????? | | #=%% *%*%= +???????+ #????????????????????????? | | #=######### #???????# #?????????????????+??+???? | | ######### #???????# #????????????????????????? | | + ## #####+### #????????????????????????? | | ###### ## #????????????????????????? | | # #????# ## ^ #????????????????????????? | | # #????# ## ############?????????????+??????????? | | # #????# ## #???????????????????????????????????? | | # ###### ##= #???????????????????????????????????? | +----------------------------------------------------+ Best States ------------- Heat Dissipation 45 Energy Generation 23 Energy Capacity 325 Matter Stores 300 Matter Capacity 300 Sight Range 16 Robot Scan Range 15 Terrain Scan Density 10 ECM Strength 2 Base Temperature (-) 100 Propulsion Shielding 66 Utility Shielding 33 Evasion (%) 50 Targeting Accuracy 8 Recoil Reduction 3 Item Schematics ----------------- None Robot Schematics ------------------ None Fabricated ------------ Nothing Alien Tech Used ----------------- None Achievements -------------- Everything Is Under Control Challenges ------------ None Game ------ Seed TargetSpacefoldTriangulator Manual? 0 Play Time 00:23:19 Cumulative 3.3 hours Start 2024.03.31 @ 15:00:34 End 2024.03.31 @ 15:24:23 Sessions 1 Manual Loads 0 Difficulty Rogue Special Mode None Game No. 5 Rogue 5 Adventurer 0 Explorer 0 Win Type - Total 0 Types 0/0/0/0/0/0/0/0/0 Lore% 7 Gallery% 10 Achievement% 9 Wizard Run 0 Options --------- Layout 1 ASCII 0 Keyboard 0 Movement Mouse Keybinds 0 Fullscreen 1 Font 24/Smallcaps Map View 55x38 Zoom Use 0% Tactical HUD 1 Map Filters NONE Filters NONE Steam 1 RUN: e5119197-fb54-427b-8cd7-64c7a4107613